 Dungeon Crawl Stone Soup version 0.28-a0-706-gf6f64a616a (webtiles) character file.

Game seed: 3400447909460230244

53449 Demosthentine the Impaler (level 14, -9/123 HPs)
             Began as a Merfolk Gladiator on Oct 25, 2021.
             Was a High Priest of the Shining One.
             Mangled by a cyan ugly thing (13 damage)
             ... on level 15 of the Dungeon.
             The game lasted 00:21:27 (17557 turns).

Demosthentine the Impaler (Merfolk Gladiator)      Turns: 17557, Time: 00:21:27

Health: -9/123     AC: 19    Str: 22    XL:     14   Next: 68%
Magic:  22/22      EV: 22    Int: 11    God:    the Shining One [*****.]
Gold:   3115       SH: 10    Dex: 18    Spells: 13/13 levels left

rFire   . . .      SeeInvis .   D - +3 trident (vorpal)
rCold   . . .      Faith    .   l - +0 buckler
rNeg    + + .      Spirit   .   G - +0 troll leather armour
rPois   .          Reflect  +   y - +2 helmet {Int+3}
rElec   .          Harm     .   f - +0 cloak
rCorr   .          Rampage  .   h - +1 pair of gloves
Will    +....                   a - +2 pair of boots {Stlth+}
Stlth   +.........              o - amulet of reflection
HPRegen 1.30/turn               e - +4 ring of protection
MPRegen 0.18/turn               O - +6 ring of strength

@: about to teleport, glowing, studying Fighting
A: (nimble swimmer 2), mertail
a: Renounce Religion, Divine Shield, Cleansing Flame, Summon Divine Warrior


You were on level 15 of the Dungeon.
You worshipped the Shining One.
The Shining One was extremely pleased with you.
You visited 2 branches of the dungeon, and saw 16 of its levels.
You also visited: Sewer, Bailey and Gauntlet.

You collected 3258 gold pieces.
You spent 143 gold pieces at shops.

Inventory:

Hand Weapons
 B - a +2 demon trident of freezing
 D - a +3 vorpal trident (weapon)
 K - a +4 trident
Armour
 a - a +2 pair of boots of stealth (worn)
 f - a +0 cloak (worn)
 h - a +1 pair of gloves (worn)
 l - a +0 buckler (worn)
 y - a +2 helmet of intelligence (worn)
 G - a +0 troll leather armour (worn)
Jewellery
 e - a +4 ring of protection (left hand)
 o - an amulet of reflection (around neck)
 I - a ring of protection from cold
 O - a +6 ring of strength (right hand)
Wands
 b - a wand of polymorph (13)
 w - a wand of flame (44)
 x - a wand of acid (32)
 C - a wand of mindburst (11)
Scrolls
 c - 6 scrolls of identify
 g - 5 scrolls of enchant weapon
 m - 6 scrolls of enchant armour
 p - a scroll of brand weapon {unknown}
 q - 5 scrolls of fog
 s - a scroll of amnesia
 u - 3 scrolls of teleportation
 v - 2 scrolls of fear
 E - a scroll of blinking
 H - a scroll of summoning
 M - a scroll of magic mapping
 N - a scroll of silence
Potions
 i - 8 potions of curing
 j - a potion of resistance
 k - 4 potions of haste
 n - 3 potions of lignification
 r - 5 potions of flight
 z - 3 potions of brilliance
 J - 2 potions of might


   Skills:
 + Level 15.5 Fighting
 + Level 18.0 Polearms
 - Level 2.0 Throwing
 - Level 6.0 Armour
 + Level 16.6 Dodging
 - Level 4.0 Shields
 + Level 10.8 Invocations


You had 13 spell levels left.
You didn't know any spells.
Your spell library contained the following spells:

 Spells                   Type           Power      Damage    Failure   Level
 Animate Skeleton         Necr           0%         N/A       38%         1
 Apportation              Tloc           0%         N/A       38%         1
 Magic Dart               Conj           0%         1d3       38%         1
 Sting                    Tmut/Pois      0%         1d3       38%         1
 Summon Small Mammal      Summ           0%         N/A       38%         1
 Call Imp                 Summ           0%         N/A       52%         2
 Ensorcelled Hibernation  Hex/Ice        0%         N/A       52%         2
 Poisonous Vapours        Pois/Air       0%         N/A       52%         2
 Ignite Poison            Fire/Tmut/Pois 0%         N/A       77%         3
 Inner Flame              Hex/Fire       0%         N/A       77%         3
 Mephitic Cloud           Conj/Pois/Air  0%         N/A       77%         3
 Spider Form              Tmut/Pois      0%         N/A       77%         3
 Tukima's Dance           Hex            0%         N/A       77%         3
 Olgreb's Toxic Radiance  Pois           0%         N/A       99%         4
 Passage of Golubria      Tloc           0%         N/A       99%         4
 Freezing Cloud           Conj/Ice/Air   0%         6-21      100%        5
 Iskenderun's Battlesphe  Conj           0%         2d6       100%        5
 Yara's Violent Unravell  Hex/Tmut       0%         3d3       100%        5
 Iron Shot                Conj/Erth      0%         9d1       100%        6
 Spellforged Servitor     Conj/Summ      0%         N/A       100%        7
 Ignition                 Fire           0%         3d3       100%        8
 Fire Storm               Conj/Fire      0%         5d1       100%        9


Dungeon Overview and Level Annotations

Branches:
Dungeon (15/15)            Temple (1/1) D:4            Lair (0/6) D:8
    Orc (0/2) D:12         Vaults (0/5) D:13         Depths (0/4) D:15
  Sewer (visited)          Bailey (visited)         Gauntlet (visited)

Altars:
Ashenzari
Cheibriados
Dithmenos
Elyvilon
Fedhas
Gozag
Hepliaklqana
Kikubaaqudgha
Makhleb
Nemelex Xobeh
Okawaru
Qazlal
Ru
Sif Muna
Trog
Uskayaw
Vehumet
Wu Jian
Xom
Yredelemnul
Zin
The Shining One

Shops:
D:8 (

Annotations:
D:13 2 transporters, AlleluiaPinecone's ghost, journeyman TrBe


Innate Abilities, Weirdness & Mutations

((You are quick and stealthy near water. (Stealth+, EV+, Speed+++)))
Your lower body shifts to a powerful aquatic tail in water.


Message History

You puncture the very large slime creature!
The very large slime creature is heavily wounded.
The very large slime creature struggles against the net.
You puncture the very large slime creature!
The very large slime creature is severely wounded.
You block the cyan ugly thing's attack.
You hit the very large slime creature.
The very large slime creature is severely wounded.
The very large slime creature struggles against the net.
The purple ugly thing basks in the mutagenic energy from its kin and changes!
Unknown command.
As you read the scroll of teleportation, it crumbles to dust.
You feel strangely unstable. You block the cyan ugly thing's attack.
The very large slime creature struggles against the net.
You puncture the cyan ugly thing!
The cyan ugly thing is lightly wounded.
The cyan ugly thing gores you but does no damage.
You barely miss the cyan ugly thing.
The cyan ugly thing is lightly wounded.
The very large slime creature struggles against the net.
The net rips apart, and the very large slime creature comes free!
You impale the cyan ugly thing!!
The cyan ugly thing is heavily wounded.
The cyan ugly thing misses you.
The very large slime creature completely misses you.
You hit the cyan ugly thing.
The cyan ugly thing is heavily wounded.
The cyan ugly thing basks in the mutagenic energy from its kin and changes!
You block the cyan ugly thing's attack.
You puncture the cyan ugly thing!
The cyan ugly thing is severely wounded.
The very large slime creature hits you!!!
* * * LOW HITPOINT WARNING * * *
Unknown command.
You puncture the cyan ugly thing!
The cyan ugly thing is almost dead.
The cyan ugly thing gores you!
* * * LOW HITPOINT WARNING * * *
The cyan ugly thing shocks you!
You die...

#.# #
#.#...#.....#...........
#.#
#..#.#.#.#..#...........
#.#
#.....#...#.#...........
#.#
#####.#.....#...........
#.#>..#.............
#.####.###..........
#.....#.............
###u#...............
#@#.#....#....
#J##....## .# #uu.uu...#
#####..#..... ####......
#.....# ...... #.....
#....


You could see 3 ugly things and a very large slime creature.

Vanquished Creatures
  Jorgrun (D:14)
  A minotaur (Gauntlet)
  A fire dragon (D:13)
  A yaktaur captain (D:14)
  3 hydras
  2 boulder beetles
  Harold (D:8)
  3 centaur warriors
  2 ogre magi (D:13)
  8 two-headed ogres
  2 tengu warriors
  A soul eater (Gauntlet)
  A deep elf knight (D:13)
  A fire crab (D:12)
  2 deep trolls (D:15)
  A skeletal warrior (D:13)
  A deep elf pyromancer (D:13)
  2 deep elf zephyrmancers (D:13)
  3 orc knights
  2 wizards (D:15)
  21 ugly things
  6 cyclopes
  2 manticores
  A torpor snail (Gauntlet)
  Maggie (D:10)
  2 kobold demonologists (D:6)
  An unseen horror (D:12)
  A gargoyle (D:12)
  An ice devil (Gauntlet)
  2 tengu conjurers
  2 freezing wraiths
  2 hellwings (D:7)
  8 trolls
  2 meliai (D:14)
  2 hornets (D:8)
  Grinder (D:4)
  10 slime creatures
  A slime creature (shapeshifter) (D:15)
  A shadow (D:11)
  A vampire (D:13)
  4 wraiths
  A basilisk (D:13)
  7 yaks
  3 vampire mosquitoes (D:12)
  2 acid dragons
  Duvessa (D:7)
  A meliai simulacrum (D:15)
  2 black bears
  11 orc warriors
  2 sky beasts
  An ice beast (D:6)
  2 necrophages
  A hornet zombie (D:7)
  6 centaurs
  3 ogres
  A boggart (D:13)
  2 phantoms (D:6)
  2 kobold brigands (D:7)
  3 bullfrogs
  A gnoll sergeant (D:12)
  3 wyvern zombies
  Dowan (D:7)
  3 scorpions
  A water moccasin zombie (D:6)
  A water moccasin skeleton (D:6)
  3 killer bees (D:10)
  3 howler monkeys (D:11)
  6 centaur zombies
  3 hounds
  4 orc priests
  A jelly (D:4)
  Crazy Yiuf (D:2)
  11 centaur skeletons
  A bullfrog skeleton (D:5)
  4 iguanas
  Natasha (thrice) (D:2)
  10 orc wizards
  A hound zombie (D:5)
  Robin (D:4)
  9 gnolls
  2 howler monkey skeletons
  11 adders
  A river rat (D:6)
  6 shadow imps
  4 white imps
  An ufetubus (D:5)
  2 dart slugs
  6 worms
  36 orcs
  8 ball pythons
  10 endoplasms
  6 giant cockroaches
  26 goblins
  11 hobgoblins
  7 jackals
  29 kobolds
  8 quokkas
  15 bats
  4 frilled lizards
  8 rats
434 creatures vanquished.

Vanquished Creatures (others)
  A kobold brigand (D:13)
  16 fungi
  43 plants
60 creatures vanquished.

Grand Total: 494 creatures vanquished

Notes
Turn   | Place    | Note
-------+----------+-------------------------------------------
     0 | D:1      | Demosthentine the Merfolk Gladiator began the quest for the
                  | Orb.
     0 | D:1      | Reached XP level 1. HP: 16/16 MP: 1/1
   384 | D:1      | Reached XP level 2. HP: 23/23 MP: 2/2
   570 | D:1      | Found a faded altar of an unknown god.
   859 | D:1      | Reached XP level 3. HP: 28/28 MP: 3/3
  1106 | D:2      | Reached skill level 5 in Polearms
  1106 | D:2      | Reached skill level 1 in Armour
  1382 | D:2      | Found a runed translucent door.
  1383 | D:2      | Noticed Crazy Yiuf
  1623 | D:2      | Noticed Natasha
  1634 | D:2      | Killed Natasha
  1635 | D:2      | Reached XP level 4. HP: 27/35 MP: 4/4
  1755 | D:2      | Noticed Natasha
  1762 | D:2      | Killed Natasha
  1767 | D:2      | Reached skill level 5 in Dodging
  1771 | D:2      | Reached XP level 5. HP: 29/41 MP: 5/5
  2006 | D:2      | Noticed Natasha
  2020 | D:2      | Killed Natasha
  2323 | D:2      | Killed Crazy Yiuf
  2771 | D:3      | Reached skill level 6 in Polearms
  2771 | D:3      | Reached XP level 6. HP: 30/48 MP: 6/6
  3141 | D:3      | Found a hide-covered altar of Uskayaw.
  3222 | D:3      | Reached skill level 1 in Shields
  3620 | D:4      | Found a staircase to the Ecumenical Temple.
  3686 | D:4      | Noticed Robin
  3736 | D:4      | Killed Robin
  4006 | D:4      | Reached XP level 7. HP: 7/54 MP: 7/7
  4337 | D:4      | Noticed Grinder
  4339 | D:4      | Paralysed by Grinder for 4 turns
  4355 | D:4      | Paralysed by Grinder for 4 turns
  4361 | D:4      | Paralysed by Grinder for 2 turns
  4369 | D:4      | Paralysed by Grinder for 2 turns
  4375 | D:4      | Killed Grinder
  4633 | D:4      | Found a bloodstained altar of Trog.
  4634 | D:4      | Found an iron altar of Okawaru.
  4648 | D:4      | Reached skill level 7 in Polearms
  4799 | Temple   | Entered the Ecumenical Temple
  4806 | Temple   | Became a worshipper of the Shining One
  4842 | D:5      | Entered Level 5 of the Dungeon
  5242 | D:5      | Reached XP level 8. HP: 61/61 MP: 8/8
  5351 | D:5      | Reached skill level 5 in Fighting
  5642 | D:5      | Identified a scroll of acquirement
  5642 | D:5      | Acquired 1154 gold pieces
  5939 | D:6      | Found a glowing drain.
  5946 | Sewer    | Entered a sewer
  6667 | D:6      | Reached * piety under the Shining One
  6668 | D:6      | Reached skill level 8 in Polearms
  7178 | D:6      | Reached XP level 9. HP: 43/69 MP: 9/9
  7564 | D:6      | Reached skill level 9 in Polearms
  7720 | D:7      | Found a glowing silver altar of Zin.
  7747 | D:7      | Noticed a hellwing
  7748 | D:7      | Noticed a hellwing
  7748 | D:7      | Reached ** piety under the Shining One
  7771 | D:7      | Killed a hellwing
  7821 | D:7      | Reached skill level 10 in Polearms
  7836 | D:7      | Reached XP level 10. HP: 56/79 MP: 10/10
  7906 | D:7      | Reached skill level 5 in Armour
  7916 | D:7      | Reached skill level 10 in Dodging
  7928 | D:7      | Reached skill level 11 in Polearms
  8162 | D:7      | Noticed Duvessa
  8162 | D:7      | Noticed Dowan
  8172 | D:7      | Killed Duvessa
  8177 | D:7      | Killed Dowan
  8194 | D:7      | Noticed a kobold demonologist
  8196 | D:7      | Noticed a kobold demonologist
  8197 | D:7      | Noticed a sixfirhy
  8225 | D:6      | Killed a kobold demonologist
  8446 | D:6      | Killed a kobold demonologist
  9137 | D:7      | Reached *** piety under the Shining One
  9208 | D:8      | Reached skill level 12 in Polearms
  9347 | D:8      | Reached XP level 11. HP: 47/89 MP: 11/11
  9730 | D:8      | Reached skill level 1 in Invocations
  9862 | D:8      | Found a staircase to the Lair.
  9935 | D:8      | Found Uhilar's Antique Weapon Emporium.
  9935 | D:8      | Noticed Harold
  9964 | D:8      | Killed Harold
  9969 | D:8      | Bought a glowing trident for 143 gold pieces
 10243 | D:8      | Acquired 629 gold pieces
 10367 | D:9      | Found a flagged portal.
 10368 | D:9      | Noticed a two-headed ogre
 10377 | D:9      | Killed a two-headed ogre
 10390 | Bailey   | Entered a bailey
 10466 | Bailey   | Noticed an orc knight
 10488 | Bailey   | Killed an orc knight
 10489 | Bailey   | Reached skill level 13 in Polearms
 10918 | D:9      | Noticed a two-headed ogre
 10925 | D:9      | Killed a two-headed ogre
 10960 | D:9      | Reached skill level 10 in Fighting
 11118 | D:9      | Got the Handbook of Fire
 11214 | D:9      | Noticed a brown ugly thing
 11226 | D:9      | Killed a brown ugly thing
 11759 | D:10     | Entered Level 10 of the Dungeon
 12033 | D:10     | Noticed a two-headed ogre
 12044 | D:10     | Killed a two-headed ogre
 12223 | D:10     | Noticed a two-headed ogre
 12231 | D:10     | Killed a two-headed ogre
 12232 | D:10     | Reached skill level 5 in Invocations
 12232 | D:10     | Reached XP level 12. HP: 98/98 MP: 15/15
 12440 | D:10     | Noticed Maggie
 12459 | D:10     | Killed Maggie
 12583 | D:11     | Reached skill level 14 in Polearms
 12595 | D:11     | Noticed a boulder beetle
 12607 | D:11     | Found a gate leading to a gauntlet.
 12628 | D:11     | Killed a boulder beetle
 12641 | Gauntlet | Entered a Gauntlet
 12641 | Gauntlet | Found a transporter.
 12650 | Gauntlet | Reached **** piety under the Shining One
 12652 | Gauntlet | Noticed a soul eater
 12665 | Gauntlet | Found a transporter.
 12680 | Gauntlet | Found a transporter.
 12682 | Gauntlet | Noticed a reaper
 12685 | Gauntlet | Found a transporter.
 12686 | Gauntlet | Noticed a seven-headed hydra
 12700 | Gauntlet | Found a transporter.
 12719 | Gauntlet | Found a transporter.
 12727 | Gauntlet | Noticed a blizzard demon
 12731 | Gauntlet | Found a transporter.
 12737 | Gauntlet | Found a transporter.
 12752 | Gauntlet | Found a transporter.
 12758 | Gauntlet | Found a transporter.
 12773 | Gauntlet | Found a transporter.
 12779 | Gauntlet | Found a transporter.
 12792 | Gauntlet | Noticed a catoblepas
 12794 | Gauntlet | Found a transporter.
 12811 | Gauntlet | Found a transporter.
 12831 | Gauntlet | Found a transporter.
 12858 | Gauntlet | Found a transporter.
 12876 | Gauntlet | Found a transporter.
 12880 | Gauntlet | Found a transporter.
 12951 | Gauntlet | Killed a soul eater
 13149 | Gauntlet | Killed a seven-headed hydra
 13227 | Gauntlet | Noticed a minotaur
 13253 | Gauntlet | Killed a minotaur
 13425 | D:11     | Found a sacrificial altar of Ru.
 13985 | D:12     | Noticed a two-headed ogre
 13992 | D:12     | Killed a two-headed ogre
 14014 | D:12     | Reached skill level 15 in Polearms
 14068 | D:12     | Noticed a boulder beetle
 14101 | D:12     | Killed a boulder beetle
 14457 | D:12     | Reached XP level 13. HP: 107/107 MP: 18/18
 14725 | D:12     | Found a staircase to the Orcish Mines.
 14782 | D:12     | Acquired a manual of Fighting
 14917 | D:13     | Reached ***** piety under the Shining One
 14970 | D:13     | Reached skill level 16 in Polearms
 15142 | D:13     | Found a gate to the Vaults.
 15244 | D:13     | Reached skill level 15 in Dodging
 15353 | D:13     | Noticed a fire dragon
 15381 | D:13     | Killed a fire dragon
 15409 | D:13     | Paralysed by an ogre mage for 3 turns
 15481 | D:13     | Identified the +11 hand crossbow of the Past {freeze, rC++
                  | Dex+3}
 15517 | D:13     | Noticed a yaktaur captain
 15521 | D:13     | Noticed AlleluiaPinecone's ghost (journeyman TrBe)
 15539 | D:13     | Found a transporter.
 15823 | D:13     | Noticed an ettin
 15943 | D:13     | Noticed a great orb of eyes
 15944 | D:13     | Found a transporter.
 16042 | D:14     | Reached skill level 17 in Polearms
 16042 | D:14     | Reached XP level 14. HP: 98/120 MP: 21/21
 16373 | D:14     | Reached skill level 10 in Invocations
 16425 | D:14     | You fall into a shaft and drop 1 floor!
 16425 | D:15     | Entered Level 15 of the Dungeon
 16821 | D:14     | Reached skill level 15 in Fighting
 16958 | D:14     | Noticed Jorgrun
 16980 | D:14     | Killed Jorgrun
 17454 | D:15     | Reached skill level 18 in Polearms
 17494 | D:15     | Found a staircase to the Depths.
 17557 | D:15     | HP: 4/123 [cyan ugly thing (8)]
 17557 | D:15     | Mangled by a cyan ugly thing

Illustrated notes

Levels and vault maps discovered:
D:1:      wander_arrival_peaceful_grave, layout_loops_corners,
          dreamdust_ecumenical_altar_statues, minmay_bisected
D:2:      layout_loops_ring, serial_bayou, serial_bayou_pond_d,
          serial_bayou_pond_e, serial_bayou_shore_b, serial_bayou_pond_b,
          serial_bayou_pond_c, uniq_crazy_yiuf_cottage, uniq_natasha
D:3:      layout_rooms, nicolae_uskayaw_murder_on_the_dancefloor
D:4:      kennysheep_goblin_castle, layout_loops_cross,
          grunt_temple_overflow_bloody_war, minmay_temple_entry_junction_2,
          uniq_robin, uniq_grinder
D:5:      layout_basic, nrook_pool_corridor
D:6:      layout_basic, portal_sewer_entry_e, minmay_increasing_density
D:7:      cheibrodos_grave_circle, layout_basic,
          mainiacjoe_overflow_tiny_flanked, nrook_loot_triangle, uniq_duvessa
D:8:      layout_cave_pools, grunt_lair_entry_orc_guard_hut, serial_shops,
          kennysheep_little_box, serial_bayou_pond_d,
          kennysheep_generic_room_14, uniq_harold
D:9:      layout_gridville, enter_bailey_5,
          hangedman_abyss_or_decor_jellyfish_corner
D:10:     layout_roguey, st_stairs_11, dk_vineyard_1, billiards_dpeg,
          uniq_maggie
D:11:     layout_loops_ring, gauntlet_entry_generic, nicolae_ru_path_of_blood
D:12:     layout_stronghold
D:13:     minmay_the_grid_octo_triangle [minmay_the_grid_octo_concentric,
          minmay_the_grid_octo_prize_square_snowflake,
          minmay_the_grid_octo_thin_diamonds], layout_loops_cross,
          hangedman_vaults_entry_quadrant_bands, gammafunk_ghost_arena
D:14:     layout_loops_corners, palyth_stone_intersect, kennysheep_just_a_vault,
          uniq_jorgrun
D:15:     hangedman_depths_entry_civil_slaughter, layout_cave_pools,
          chequers_serial_rivers_small_b
Temple:   nicolae_temple_no_exploring_needed

Skill      XL: |  1  2  3  4  5  6  7  8  9 10 11 12 13 14 |
---------------+-------------------------------------------+-----
Polearms       | 5 6 7 8 10 12 13 15 17 18 | 18.0
Armour         | 1 2 3 4 5 6 |  6.0
Fighting       | 3 4 6 7 9 10 11 14 15 | 15.5
Dodging        | 5 6 7 9 11 12 14 15 16 | 16.6
Shields        | 1 2 4 |  4.0
Invocations    | 5 7 9 10 | 10.8
Throwing       | |  2.0

Action                   |  1- 3 |  4- 6 |  7- 9 | 10-12 | 13-15 || total
-------------------------+-------+-------+-------+-------+-------++-------
Melee: Trident           |   109 |   236 |   427 |   935 |   697 ||  2404
       Tailslap          |     3 |     2 |     3 |    13 |       ||    21
Throw: Throwing net      |       |     2 |       |     3 |     2 ||     7
Invok: Divine Shield     |       |       |       |     1 |       ||     1
  Use: Scroll            |     2 |     4 |     6 |     8 |     3 ||    23
       Potion            |       |     1 |     2 |     2 |     1 ||     6
 Stab: Sleeping          |     3 |     2 |       |       |       ||     5
Armor: Leather armour    |    22 |    62 |   166 |   103 |       ||   353
       Skin              |       |       |       |    59 |       ||    59
       Troll leather arm |       |       |       |    51 |    96 ||   147
Dodge: Dodged            |    48 |   131 |   280 |   400 |   261 ||  1120
Block: Buckler           |       |       |    28 |   249 |   172 ||   449
       Reflection        |       |       |       |    20 |    11 ||    31

Table legend: (Time is in decaauts)
 A = Elapsed time spent in this place.
 B = Non-inter-level travel time spent in this place.
 C = Inter-level travel time spent in this place.
 D = Time resting spent in this place.
 E = Time spent auto-exploring this place.
 F = Levels seen in this place.
 G = Mean time per level.
                   A        B        C        D        E       F      G
               +--------+--------+--------+--------+--------+-----+--------+
         Total |  16792 |  16383 |    409 |    685 |  12167 |  19 |  883.8 |
       Dungeon |  15502 |  15094 |    408 |    685 |  11445 |  15 | 1033.5 |
        Temple |     13 |     13 |      0 |      0 |      0 |   1 |   13.0 |
         Sewer |    366 |    366 |      0 |      0 |    258 |   1 |  366.0 |
        Bailey |    320 |    320 |      0 |      0 |    181 |   1 |  320.0 |
      Gauntlet |    590 |    590 |      0 |      0 |    282 |   1 |  590.0 |
               +--------+--------+--------+--------+--------+-----+--------+

Top non-repeatable levels by time:
     D:6: 1744 daAuts
     D:2: 1627 daAuts
     D:4: 1391 daAuts
     D:7: 1206 daAuts
    D:14: 1163 daAuts
     D:9: 1103 daAuts
    D:13: 1077 daAuts
     D:8: 1035 daAuts
     D:1: 952 daAuts
     D:3: 833 daAuts
    D:12: 833 daAuts
     D:5: 813 daAuts
    D:10: 758 daAuts
    D:11: 707 daAuts
Gauntlet: 590 daAuts
